Map: Frostline LE

Players

VITmaru (Maru)

  • Race: Terran Terran
  • Spawn Location: 1:00

gumiho - Winner!

  • Race: Terran Terran
  • Spawn Location: 7:00

Event: HomeStory Cup XXVI

VOD

Have the link to the VOD?

Description

Time

  • Played on: Dec. 1, 2024, 10:17 a.m.
  • Length: 6:25

All games in this series

Show
View Real Time Build Order
Export as new Build Order

VITmaru Terran 

Build Orders:  

Get SALT Encoding   

  12  0:00  SCV  
  13  0:15  Supply Depot  
  13  0:17  SCV  
  14  0:37  Barracks  
  14  0:40  Refinery  
  14  0:53  Barracks  
  14  0:58  SCV  
  15  1:10  SCV  
  16  1:24  Orbital Command, Reaper  
  17  1:30  Refinery  
  17  1:42  Reaper  
  18  1:50  SCV  
  19  1:55  Supply Depot  
  19  1:58  Reaper  
  20  2:02  SCV  
  21  2:14  Reaper  
  21  2:15  SCV  
  23  2:27  SCV  
  24  2:32  Factory  
  24  2:35  Reaper  
  25  2:39  SCV  
  25  2:46  Reaper  
  26  2:53  SCV  
  27  3:05  SCV  
  27  3:07  Reaper  
  27  3:10  Command Center  
  28  3:17  Hellion  
  30  3:20  Reaper  
  30  3:24  Supply Depot  
  31  3:36  Starport  
  31  3:41  SCV  
  31  3:46  Hellion  
  33  3:53  SCV, Reaper x2  
  33  4:05  SCV  
  34  4:10  Factory Tech Lab  
  34  4:17  SCV, Medivac  
  37  4:27  Reaper x2  
  39  4:32  Supply Depot  
  39  4:53  SCV, Cyclone, Command Center  
  39  4:54  Starport Tech Lab  
  43  5:04  Orbital Command  
  43  5:11  Refinery  
  43  5:12  Banshee  
  46  5:14  SCV  
  47  5:26  SCV  
  47  5:33  SCV  
  48  5:38  SCV  
  49  5:45  SCV  
  49  5:50  SCV  
  51  5:57  SCV  
  51  6:02  Refinery  
  51  6:03  SCV  
  43  6:09  SCV  
  47  6:13  Starport  
Show
View Real Time Build Order
Export as new Build Order

gumiho Terran - Winner!

Build Orders:  

Get SALT Encoding   

  12  0:00  SCV  
  13  0:12  SCV  
  14  0:17  Supply Depot  
  14  0:24  SCV  
  14  0:26  Refinery  
  15  0:38  SCV  
  16  0:43  Barracks  
  16  0:50  SCV  
  17  1:03  SCV  
  18  1:15  SCV  
  19  1:30  Orbital Command, Marine  
  19  1:31  Supply Depot, Factory  
  20  1:48  Reaper  
  21  1:55  SCV  
  22  2:07  Command Center  
  22  2:09  SCV  
  22  2:14  Hellion  
  25  2:17  Refinery  
  25  2:21  Reaper  
  26  2:27  SCV  
  26  2:35  Supply Depot  
  24  2:37  Hellion  
  24  2:39  SCV  
  27  2:51  SCV  
  27  2:53  Reaper  
  28  2:59  Hellion  
  28  3:04  SCV  
  31  3:13  Starport  
  31  3:16  SCV  
  32  3:21  Factory Tech Lab  
  32  3:28  SCV  
  32  3:30  Orbital Command  
  32  3:32  Barracks Reactor  
  33  3:40  SCV  
  33  3:41  Cyclone  
  37  3:52  SCV  
  37  3:54  Starport Tech Lab  
  38  3:56  SCV  
  38  3:57  Refinery  
  35  4:04  SCV  
  35  4:08  SCV  
  35  4:12  Marine x2  
  35  4:13  Raven  
  35  4:16  Supply Depot, SCV  
  40  4:20  SCV  
  41  4:26  Siege Tank  
  41  4:28  SCV  
  41  4:29  Marine  
  41  4:30  Marine  
  45  4:32  SCV  
  45  4:33  Interference Matrix  
  45  4:38  Supply Depot  
  46  4:40  SCV  
  46  4:41  Refinery  
  46  4:44  SCV  
  48  4:47  Marine x2  
  48  4:51  Raven  
  52  4:52  SCV  
  52  4:57  SCV  
  54  5:05  SCV  
  54  5:06  Command Center  
  55  5:09  SCV  
  55  5:11  Siege Tank  
  59  5:14  Marine  
  59  5:15  Marine  
  59  5:17  SCV  
  62  5:27  Raven  
  62  5:32  SCV, Marine x2  
  62  5:35  Supply Depot  
  63  5:50  Supply Depot  
  63  5:56  SCV x2  
  69  6:08  SCV x2  
  69  6:13  Supply Depot  
Tags
 
Add a new tag
Caveats
  • Supply blocks, unpowered buildings, or Contaminate may cause inaccurate times.
  • Supply counts are checked every 10 seconds.